 Dungeon Crawl Stone Soup version 0.21.0 (webtiles) character file.

6331 Gorglomux the Nimble (level 10, -16/82 HPs)
             Began as a Vampire Chaos Knight on Jan 6, 2018.
             Demolished by an ice devil (22 damage)
             ... summoned by Xom
             ... on level 10 of the Dungeon.
             The game lasted 00:37:27 (9867 turns).

Gorglomux the Nimble (Vampire Chaos Knight)         Turns: 9867, Time: 00:37:29

Health: -16/82     AC: 11    Str: 14    XL:     10   Next: 64%
Magic:  11/11      EV: 10    Int: 16    God:    Xom [......]
Gold:   193        SH:  0    Dex: 13    Spells: 9/9 levels left

rFire    . . .     SeeInvis +   a - +1 falchion (chaos)
rCold    . . .     Gourm    .   (no shield)
rNeg     . . .     Faith    +   E - +3 chain mail
rPois    +         Spirit   .   (no helmet)
rElec    .         Reflect  .   N - scarf {cloud immunity}
rCorr    .         Harm     .   (no gloves)
MR       +....                  (no boots)
Stlth    ..........             v - amulet of faith
HPRegen  0.43/turn              (no ring)
MPRegen  0.12/turn              (no ring)

@: regenerating quickly
A: fangs 3, talons 1, see invisible, high mp 1, mutation resistance 1, poison
resistance, wild magic 1, unbreathing
a: Renounce Religion


You were on level 10 of the Dungeon.
You worshipped Xom.
You were a very special plaything of Xom.
You were very full.

You visited 2 branches of the dungeon, and saw 11 of its levels.

You collected 486 gold pieces.
You spent 293 gold pieces at shops.

Inventory:

Hand Weapons
 a - a +1 falchion of chaos (weapon)
 t - a +0 dagger of speed
Missiles
 B - 5 tomahawks (quivered)
 Z - a throwing net
Armour
 b - a +2 leather armour
 E - a +3 chain mail (worn)
 L - a +0 large shield
 N - a scarf of cloud immunity (worn)
 U - a +0 scale mail {god gift}
Jewellery
 v - an amulet of faith (around neck)
 J - an uncursed amulet of guardian spirit {unknown}
 W - a cursed ring of loudness {unknown}
Wands
 K - a wand of random effects (24)
 M - a wand of flame (27)
 O - a wand of clouds (3)
Scrolls
 s - 3 scrolls of random uselessness
 w - 5 scrolls of remove curse
 A - a scroll of fear
 C - a scroll of enchant weapon
 G - 2 scrolls of brand weapon {unknown}
 H - a scroll of immolation {unknown}
 I - 3 scrolls of enchant armour
 R - 2 scrolls of identify
 T - 4 scrolls of teleportation
 Y - a scroll of torment
Potions
 q - 9 potions of blood
 u - a potion of resistance
 x - 5 potions of brilliance
 z - 3 potions of magic
 F - 2 potions of haste
 Q - a potion of curing
 S - a potion of flight
 V - a potion of degeneration {unknown}
Books
 P - a book of Geomancy

   Spells                             Type                      Level
   a - Sandblast                      Earth                        1
   b - Passwall                       Transmutation/Earth          2
   c - Stone Arrow                    Conjuration/Earth            3
   d - Petrify                        Transmutation/Earth          4
   e - Lee's Rapid Deconstruction     Earth                        5
Miscellaneous
 X - a phial of floods (inert) {god gift}


   Skills:
 + Level 8.9 Fighting
 + Level 9.6 Long Blades
 + Level 1.7 Armour
 + Level 10.2 Dodging
 - Level 4.7 Stealth


You had 9 spell levels left.
You didn't know any spells.

Dungeon Overview and Level Annotations

Branches:
Dungeon (10/15)            Temple (1/1) D:5            Lair (0/6) D:8
    Orc (0/2) D:10

Altars:
Ashenzari
Cheibriados
Fedhas
Gozag
Kikubaaqudgha
Okawaru
Qazlal
Ru
Sif Muna
Xom
Yredelemnul
Zin

Shops:
D:4 }   D:7 ?


Innate Abilities, Weirdness & Mutations

Your natural rate of healing is unusually fast.
You have razor-sharp teeth.
You have supernaturally acute eyesight. (SInv)
You can survive without breathing.
You have sharp toenails.
You have an increased reservoir of magic. (+10% MP)
You are somewhat resistant to further mutation.
Your system is resistant to poisons. (rPois)
Your spells are a little harder to cast, but a little more powerful.


Message History

The yak is heavily wounded!
The yak gores the black bear!!!
The ice devil hits you!!! The ice devil butts you!!!!!!
The yak seems butts confused!
The yak gores you!!! * * * don't die
* * * The ice devil hits you! * * * don't die
* * * The ice devil freezes butt!!! * * * don't die
* * *
Okay, then!
Okay, then!
Okay, then!
As you read the scroll of fear, it crumbles to dust!
You assume a fearsome visage!
The crimson butt is unaffected!
The ice devil is unaffected!
The butt looks frightened!!!
The black bear looks frightened!!!
The ice devil hits you! * * * don't die
* * * The ice devil freezes you!!!!!! rip Xom snickers!!!

÷....# ##.## #.# #. #.#### #.#
###.#### #h ##.## #.#
###......###) ##.# ##'##
#.....)..<### ##.## ##...##
#.#.#.##.Y# #.### ##.....##
#.#.#.##.o# .##.## ##..<...>##
#.#.#.##..#
.#...####........Y###........Y###
........'.......@.h5†...........o
..[[.####........4####...#.######
..#.## ##.......># ##.##.# #.#.#
##.....### ####.# #.#.# ##...##
#.# ....# ##'## #.# #.### #.# #.#
#.# #.# #.# #.# ##.## #.#


You could see an ice devil, a yak (fleeing), a black bear (fleeing) and a
crimson imp.

Vanquished Creatures
  A two-headed ogre (D:8)
  A wolf spider (shapeshifter) (D:8)
  An elephant (D:8)
  A water nymph (D:8)
  A hornet (D:5)
  A hippogriff (D:10)
  A spriggan (D:8)
  4 yaks
  A hungry ghost (D:9)
  A spatial vortex (D:10)
  3 sky beasts
  A black bear (D:10)
  2 ice beasts
  An orc warrior (D:10)
  A phantom (D:8)
  An ogre (D:10)
  4 centaurs
  A crocodile (D:8)
  5 bullfrogs
  3 scorpions
  9 killer bees
  4 howler monkeys
  3 crimson imps
  A bullfrog zombie (D:5)
  3 hounds
  3 orc priests (D:4)
  An iguana (D:10)
  5 orc wizards
  A bullfrog skeleton (D:7)
  6 worker ants
  A mummy (D:5)
  A worker ant zombie (D:7)
  Robin (D:4)
  8 gnolls
  A howler monkey skeleton (D:8)
  6 adders
  A shadow imp (D:6)
  An ooze (D:3)
  2 adder zombies
  An adder skeleton (D:6)
  3 worms
  4 dart slugs
  6 leopard geckos
  17 orcs
  4 bats (D:3)
  3 giant cockroaches
  11 goblins
  9 hobgoblins
  14 jackals
  3 kobolds
  3 quokkas
  2 ball pythons
  2 frilled lizards (D:2)
  4 rats
  A bush (D:5)
180 creatures vanquished.

Vanquished Creatures (collateral kills)
  A hippogriff (D:7)
  A basilisk (D:8)
  A hungry ghost (D:7)
  2 ogres
  2 howler monkeys (D:8)
  A hound (D:8)
  A worker ant (D:7)
  2 gnolls (D:7)
  A leopard gecko (D:7)
  2 orcs (D:7)
14 creatures vanquished.

Vanquished Creatures (others)
  The ghost of Brandom the Firebug, an amateur DrFE (D:4)
  A howler monkey (D:8)
  An orc priest (D:3)
  A hound (D:8)
4 creatures vanquished.

Grand Total: 198 creatures vanquished

Notes
Turn   | Place    | Note
-------+----------+-------------------------------------------
     0 | D:1      | Gorglomux the Vampire Chaos Knight began the quest for the Orb.
     0 | D:1      | Reached XP level 1. HP: 17/17 MP: 1/1
    19 | D:1      | XOM: silly message
    21 | D:1      | XOM: silly message
   100 | D:1      | Reached skill level 1 in Stealth
   192 | D:1      | XOM: cloud trail
   219 | D:1      | XOM: silly message
   312 | D:1      | XOM: harmless Fire miscast
   457 | D:1      | XOM: divination: detect items
   490 | D:1      | Reached XP level 2. HP: 19/23 MP: 2/2
   503 | D:1      | Reached skill level 3 in Stealth
  1033 | D:2      | XOM: harmless Pois miscast
  1222 | D:2      | Reached XP level 3. HP: 25/28 MP: 3/3
  1491 | D:2      | XOM: medium Ice miscast
  1693 | D:3      | Reached skill level 3 in Fighting
  1693 | D:3      | Reached XP level 4. HP: 35/35 MP: 4/4
  1755 | D:3      | Found a sacrificial altar of Ru.
  1786 | D:3      | Reached skill level 3 in Dodging
  2058 | D:3      | Found a stormy altar of Qazlal.
  2123 | D:3      | Reached XP level 5. HP: 36/41 MP: 5/5
  2179 | D:3      | Found a shattered altar of Ashenzari.
  2369 | D:3      | XOM: harmless Erth miscast
  2517 | D:3      | XOM: harmless Chrm miscast
  2523 | D:4      | Noticed Robin
  2538 | D:4      | XOM: divination: magic mapping
  2633 | D:3      | XOM: noise
  2641 | D:4      | Killed Robin
  2749 | D:4      | Found Totiqix's Gadget Shop.
  2771 | D:4      | Bought a wand of paralysis (9) for 132 gold pieces
  2802 | D:4      | Noticed Brandom's ghost (amateur DrFE)
  2803 | D:4      | XOM: potion effect (brilliance)
  2807 | D:4      | XOM: summons friendly shadow imp
  2830 | D:4      | XOM: cast spell 'Summon Butterflies'
  2837 | D:4      | XOM: confusion
  2845 | D:4      | XOM: potion effect (brilliance)
  2854 | D:4      | XOM: potion effect (heal wounds)
  2910 | D:4      | Killed Brandom's ghost
  2910 | D:4      | XOM: divine lightning
  2956 | D:4      | XOM: scenery: create altars
  2973 | D:4      | XOM: god gift: scale mail {god gift}
  3041 | D:4      | XOM: chaos upgrade
  3050 | D:4      | Reached XP level 6. HP: 17/48 MP: 6/6
  3059 | D:4      | Reached skill level 4 in Dodging
  3281 | D:4      | XOM: medium Summ miscast
  3336 | D:4      | XOM: 2-stop teleportation journey
  3460 | D:4      | XOM: give mutation
  3460 | D:4      | Gained mutation: You are frail. (-10% HP) [Xom's mischief]
  3655 | D:5      | Entered Level 5 of the Dungeon
  3688 | D:4      | XOM: mild Necr miscast
  3693 | D:4      | XOM: mild Tloc miscast
  3998 | D:5      | XOM: harmless Pois miscast
  4043 | D:5      | Found a deep blue altar of Sif Muna.
  4044 | D:5      | Noticed a sky beast
  4053 | D:5      | XOM: enchant monster (good)
  4071 | D:5      | Killed a sky beast
  4071 | D:5      | Reached XP level 7. HP: 38/48 MP: 7/7
  4097 | D:5      | Found a staircase to the Ecumenical Temple.
  4102 | Temple   | Entered the Ecumenical Temple
  4360 | D:5      | XOM: divine lightning
  4367 | D:5      | Reached skill level 5 in Dodging
  4378 | D:5      | XOM: butterfly on damage
  4379 | D:5      | XOM: scenery: create altars
  4381 | D:5      | Found a snail-covered altar of Cheibriados.
  4381 | D:5      | XOM: swap monsters
  4399 | D:5      | XOM: chaos upgrade
  4520 | D:4      | XOM: give mutations
  4520 | D:4      | Gained mutation: You have sharp toenails. [Xom's mischief]
  4520 | D:4      | Gained mutation: You have an increased reservoir of magic. (+10% MP) [Xom's mischief]
  4604 | D:5      | XOM: fake destruction
  4616 | D:5      | XOM: 3-stop teleportation journey
  4634 | D:5      | XOM: noise
  4646 | D:5      | XOM: swap monsters
  4796 | D:5      | XOM: medium Ice miscast
  4887 | D:5      | Noticed a hornet
  4899 | D:5      | Killed a hornet
  4899 | D:5      | Reached XP level 8. HP: 45/55 MP: 8/8
  5038 | D:5      | XOM: butterfly on damage
  5045 | D:5      | XOM: cast spell 'Summon Ice Beast'
  5067 | D:5      | XOM: harmless Chrm miscast
  5071 | D:5      | Reached skill level 6 in Long Blades
  5071 | D:5      | Reached skill level 6 in Dodging
  5601 | D:6      | Found a blossoming altar of Fedhas.
  5698 | D:6      | XOM: confuse monster(s)
  5734 | D:6      | Reached skill level 6 in Fighting
  6145 | D:7      | XOM: god gift: scroll labeled JIUSTAU XEINT {god gift}
  6147 | D:7      | XOM: summons 8 friendly demons
  6156 | D:7      | Reached skill level 7 in Dodging
  6171 | D:7      | Noticed a hippogriff
  6173 | D:7      | XOM: cast spell 'Summon Horrible Things'
  6178 | D:7      | Killed a hippogriff
  6278 | D:7      | XOM: scenery: create altars
  6293 | D:7      | XOM: cast spell 'Summon Hydra'
  6427 | D:7      | Found Ysae's Magic Scroll Boutique.
  6440 | D:7      | Bought a scroll of torment for 105 gold pieces
  6440 | D:7      | Bought a scroll of identify for 28 gold pieces
  6440 | D:7      | Bought a scroll of identify for 28 gold pieces
  6650 | D:7      | XOM: mild Summ miscast
  6671 | D:7      | XOM: harmless Chrm miscast
  6687 | D:8      | XOM: give mutation
  6687 | D:8      | Gained mutation: You occasionally shout uncontrollably at your foes. [Xom's mischief]
  6698 | D:8      | Noticed a hippogriff
  6698 | D:8      | XOM: confuse monster(s)
  6702 | D:8      | Noticed a shining eye
  6702 | D:8      | a hippogriff changed into a shining eye
  6702 | D:8      | XOM: polymorph hippogriff -> shining eye
  6708 | D:8      | Gained mutation: You are dopey. (Int -2) [a shining eye]
  6712 | D:8      | XOM: noise
  6715 | D:8      | Gained mutation: You are clumsy. (Dex -2) [a shining eye]
  6718 | D:8      | Gained mutation: Your body sometimes deteriorates upon taking damage. [a shining eye]
  6721 | D:8      | Gained mutation: You are very dopey. (Int -4) [a shining eye]
  6726 | D:8      | XOM: torment (12/57 hp)
  6727 | D:8      | Noticed a moth of wrath
  6727 | D:8      | a shining eye changed into a moth of wrath
  6727 | D:8      | XOM: polymorph shining eye -> moth of wrath
  6728 | D:8      | XOM: confusion
  6731 | D:8      | XOM: butterfly on damage
  6742 | D:8      | Lost mutation: Your body sometimes deteriorates upon taking damage. [potion of mutation]
  6742 | D:8      | Lost mutation: You occasionally shout uncontrollably at your foes. [potion of mutation]
  6742 | D:8      | Lost mutation: You are clumsy. (Dex -2) [potion of mutation]
  6742 | D:8      | Gained mutation: Your spells are a little harder to cast, but a little more powerful. [potion of mutation]
  6742 | D:8      | Gained mutation: You are somewhat resistant to further mutation. [potion of mutation]
  6760 | D:8      | XOM: 1-stop teleportation journey
  6762 | D:8      | Found a shimmering altar of Xom.
  6772 | D:8      | XOM: silly message
  6774 | D:8      | XOM: enchant monster (bad)
  6776 | D:8      | XOM: harmless Fire miscast
  6782 | D:8      | XOM: give mutations
  6789 | D:8      | Noticed a two-headed ogre
  6791 | D:8      | XOM: swap monsters
  6796 | D:8      | Noticed a two-headed ogre
  6810 | D:8      | XOM: 2-stop teleportation journey
  6818 | D:8      | Noticed a slime creature
  6818 | D:8      | a two-headed ogre changed into a slime creature
  6818 | D:8      | XOM: polymorph two-headed ogre -> slime creature
  6827 | D:8      | Noticed a water nymph
  6827 | D:8      | a slime creature changed into a water nymph
  6827 | D:8      | XOM: polymorph slime creature -> water nymph
  6838 | D:8      | XOM: summons 4 hostile demons
  6839 | D:8      | Noticed a rust devil
  6855 | D:8      | XOM: harmless Pois miscast
  6859 | D:8      | Reached XP level 9. HP: 27/63 MP: 9/9
  7022 | D:8      | XOM: give mutation
  7022 | D:8      | Gained mutation: Your system is resistant to poisons. (rPois) [Xom's mischief]
  7030 | D:8      | XOM: divination: magic mapping
  7058 | D:8      | XOM: summons friendly white imp
  7059 | D:8      | XOM: summons 4 friendly demons
  7060 | D:8      | XOM: harmless Ice miscast
  7062 | D:8      | XOM: harmless Hex miscast
  7067 | D:8      | Noticed an elephant
  7067 | D:8      | XOM: cleaving
  7069 | D:8      | XOM: noise
  7070 | D:8      | Noticed a wolf spider
  7082 | D:8      | Killed a wolf spider
  7082 | D:8      | Reached skill level 8 in Dodging
  7083 | D:8      | Killed an elephant
  7085 | D:8      | XOM: confusion
  7086 | D:8      | XOM: summons 9 friendly demons
  7093 | D:8      | Found a staircase to the Lair.
  7097 | D:8      | XOM: confusion (+ monsters)
  7099 | D:8      | XOM: god gift: phial of floods {god gift}
  7105 | D:8      | XOM: summons 5 friendly demons
  7116 | D:8      | Killed a water nymph
  7117 | D:8      | XOM: summons 2 hostile demons
  7118 | D:8      | XOM: divine lightning
  7124 | D:8      | Reached skill level 9 in Dodging
  7310 | D:8      | XOM: mild Erth miscast
  7323 | D:8      | XOM: confusion
  7335 | D:8      | XOM: chaos upgrade
  7341 | D:8      | XOM: enchant monster (bad)
  7344 | D:8      | XOM: potion effect (brilliance)
  7345 | D:8      | XOM: noise
  7352 | D:8      | XOM: fog
  7386 | D:7      | XOM: draining
  7489 | D:8      | XOM: cast spell 'Discord'
  7493 | D:8      | XOM: 8-stop teleportation journey
  7512 | D:8      | XOM: harmless Ice miscast
  7560 | D:9      | Noticed a two-headed ogre
  7569 | D:8      | XOM: cloud trail
  7576 | D:8      | XOM: summons 3 friendly demons
  7585 | D:8      | XOM: cleaving
  7590 | D:8      | XOM: potion effect (haste)
  7592 | D:8      | XOM: scenery: create altars
  7594 | D:8      | XOM: summons friendly white imp
  7597 | D:8      | Killed a two-headed ogre
  7597 | D:8      | Reached XP level 10. HP: 72/72 MP: 11/11
  7636 | D:8      | XOM: polymorph white imp -> iron imp
  7795 | D:8      | Found an iron altar of Okawaru.
  7797 | D:8      | Found a basalt altar of Yredelemnul.
  8068 | D:9      | Reached skill level 9 in Long Blades
  8140 | D:9      | XOM: scenery: 1 doors close
  8421 | D:9      | XOM: 8-stop teleportation journey
  8653 | D:9      | XOM: confuse monster(s)
  8654 | D:9      | XOM: harmless Tloc miscast
  8776 | D:10     | Entered Level 10 of the Dungeon
  8844 | D:10     | Found a staircase to the Orcish Mines.
  8903 | D:10     | XOM: give mutations
  8903 | D:10     | Lost mutation: You are frail. (-10% HP) [Xom's mischief]
  8903 | D:10     | Lost mutation: You are very dopey. (Int -4) [Xom's mischief]
  8903 | D:10     | Gained mutation: You occasionally shout uncontrollably at your foes. [Xom's mischief]
  8903 | D:10     | Lost mutation: You are dopey. (Int -2) [Xom's mischief]
  8929 | D:10     | XOM: stat loss: -1 Int (15/16)
  9012 | D:10     | XOM: give mutation
  9012 | D:10     | Lost mutation: You occasionally shout uncontrollably at your foes. [Xom's mischief]
  9068 | D:10     | Found a sacrificial altar of Ru.
  9293 | D:10     | Reached skill level 10 in Dodging
  9311 | D:10     | Reached skill level 1 in Armour
  9393 | D:10     | XOM: swap monsters
  9399 | D:10     | XOM: divination: detect items
  9411 | D:10     | XOM: confusion
  9441 | D:10     | XOM: harmless Conj miscast
  9445 | D:10     | XOM: noise
  9466 | D:10     | XOM: god gift: 21 gold pieces {god gift}
  9472 | D:10     | XOM: swap monsters
  9497 | D:9      | XOM: harmless Conj miscast
  9676 | D:9      | XOM: blink monster(s)
  9799 | D:10     | XOM: mild Tloc miscast
  9850 | D:10     | XOM: noise
  9851 | D:10     | XOM: chaos cloud
  9859 | D:10     | XOM: summons 2 hostile demons
  9867 | D:10     | Demolished by an ice devil

Skill      XL: |  1  2  3  4  5  6  7  8  9 10 |
---------------+-------------------------------+-----
Stealth        | 2 4 |  4.7
Fighting       | 3 4 5 6 8 |  8.9
Dodging        | 3 4 5 7 9 10 | 10.2
Long Blades    | 4 5 7 8 9 |  9.6
Armour         | 1 |  1.7

Action                   |  1- 3 |  4- 6 |  7- 9 | 10-12 || total
-------------------------+-------+-------+-------+-------++-------
Melee: Falchion          |    46 |   197 |   254 |   203 ||   700
       Bite              |    14 |    32 |    41 |    26 ||   113
       Dagger            |    60 |       |       |     6 ||    66
       Kick              |       |       |    86 |    60 ||   146
Throw: Tomahawk          |     2 |       |     7 |     1 ||    10
Evoke: Wand              |       |     1 |     7 |    10 ||    18
       Phial of floods   |       |       |     1 |       ||     1
  Use: Potion            |    12 |     6 |    27 |    11 ||    56
       Scroll            |       |    10 |    10 |     1 ||    21
 Stab: Sleeping          |     6 |     6 |     3 |     4 ||    19
       Confused          |       |     1 |     4 |     3 ||     8
       Paralysed         |       |    10 |    20 |     3 ||    33
       Petrified         |       |       |       |     3 ||     3
       Petrifying        |       |       |       |     2 ||     2
Armor: Leather armour    |    29 |    56 |    48 |    15 ||   148
       Chain mail        |       |       |       |    33 ||    33
Dodge: Dodged            |    41 |   109 |   185 |   128 ||   463
       Rpst.: Falchion   |     5 |    37 |    55 |    34 ||   131
